 Dungeon Crawl Stone Soup version 0.30-a0-557-ge2afbf3030 (webtiles) character file.

Game seed: 15791869628066261313

2212 greasedhog the Spear-Bearer (level 9, -2/62 (68) HPs)
             Began as a Merfolk Fighter on Dec 28, 2022.
             Shot with an arrow by a centaur (12 damage)
             ... on level 6 of the Dungeon.
             The game lasted 00:09:42 (4366 turns).

greasedhog the Spear-Bearer (Merfolk Fighter)       Turns: 4366, Time: 00:09:42

HP:   -2/62 (68)    AC:  7    Str: 24    XL:     9   Next: 35%
MP:   9/9           EV: 14    Int:  7    God:
Gold: 568           SH:  5    Dex: 15    Spells: 8/8 levels left

rFire   + + .      SeeInvis .    a - +0 trident
rCold   . . .      Faith    .    c - +0 buckler
rNeg    . . .      Spirit   .    G - +0 steam dragon scales
rPois   .          Reflect  .    r - +0 helmet
rElec   .          Harm     .    (no cloak)
rCorr   .          Rampage  .    (no gloves)
Will    +....                    (no boots)
Stlth   +                        f - amulet of regeneration
HPRegen 1.10/turn                s - ring of Mihergh {Contam rF++ Str+5 Slay+4}
MPRegen 0.11/turn                w - ring of willpower

@: drained
A: (nimble swimmer 2), mertail
a: no special abilities


You were on level 6 of the Dungeon.
You visited 2 branches of the dungeon, and saw 7 of its levels.
You also visited: Sewer.

You collected 664 gold pieces.
You spent 96 gold pieces at shops.

Inventory:

Hand Weapons
 a - a +0 trident (weapon)
Missiles
 v - 4 javelins (quivered)
Armour
 c - a +0 buckler (worn)
 r - a +0 helmet (worn)
 G - +0 steam dragon scales (worn)
Jewellery
 f - an amulet of regeneration (around neck)
 s - the ring of Mihergh (left hand) {Contam rF++ Str+5 Slay+4}
   (You found it on level 4 of the Dungeon)

   [ring of slaying]

   Str:       It affects your strength (+5).
   Slay:      It affects your accuracy & damage with ranged weapons and melee
   (+4).
   rF:        It greatly protects you from fire.
   Contam:    It causes magical contamination when unequipped.
 t - a ring of positive energy
 w - a ring of willpower (right hand)
 B - a ring of flight
Wands
 d - a wand of flame (21)
 o - a wand of paralysis (6)
Scrolls
 g - a scroll of fog
 h - 2 scrolls of magic mapping
 k - a scroll of enchant armour
 u - a scroll of blinking {unknown}
 y - a scroll of torment {unknown}
 C - 2 scrolls of teleportation
 D - a scroll of poison {unknown}
Potions
 b - a potion of might
 e - a potion of berserk rage
 i - a potion of heal wounds
 j - 2 potions of mutation
 l - 3 potions of attraction
 p - 2 potions of resistance {unknown}
 q - a potion of ambrosia {unknown}
 z - 2 potions of haste {unknown}
 A - 5 potions of flight
 F - a potion of curing


   Skills:
 - Level 5.0 Fighting
 * Level 11.4 Polearms
 * Level 4.5 Armour
 - Level 5.1 Dodging
 - Level 5.0 Shields


You had 8 spell levels left.
You didn't know any spells.
Your spell library contained the following spells:

 Spells                   Type           Power      Damage    Failure   Level
 Ignite Poison            Fire/Tmut/Pois 0%         N/A       87%         3
 Sticky Flame             Conj/Fire      0%         2d3       99%         4
 Ignition                 Fire           0%         3d3       100%        8


Dungeon Overview and Level Annotations

Branches:
Dungeon (6/15)             Temple (1/1) D:4           Sewer (visited)

Altars:
Ashenzari
Cheibriados
Fedhas
Gozag
Kikubaaqudgha
Qazlal
Sif Muna
Uskayaw
Vehumet
Xom
Yredelemnul

Shops:
D:5 *


Innate Abilities, Weirdness & Mutations

((You are very nimble when in or above water. (Stealth+, EV+, Speed+++)))
Your lower body shifts to a powerful aquatic tail in water.


Message History

No target in view!
No target in view!
Found a stone staircase leading up.
You feel yourself speed up.
You see here the +9 hand axe "Kestrotoe" {flame, rN+ SInv}.
Found a stone staircase leading down.
A centaur comes into view.
The centaur moves out of view. 2 centaurs come into view.
The centaur shouts!
You hear a shout! x2
The centaur wields a +3 shortbow of draining.
You sense an unholy aura.
The centaur shoots an arrow.
You block the arrow. 2 centaurs come into view.
You recover from your berserk rage.
The centaur shoots an arrow.
The arrow hits you!
You feel drained.
The centaur wields a +0 heavy shortbow.
The centaur shoots an arrow.
The arrow barely misses you.
The centaur shouts!
You hear a shout!
The centaur shouts!
The centaur shoots an arrow.
The arrow barely misses you.
The centaur shoots an arrow.
The arrow hits you.
The centaur wields a +0 shortbow.
The centaur shoots an arrow.
The arrow hits you.
There is a stone staircase leading down here.
The centaur shoots an arrow.
The arrow hits you!
You feel drained.
The centaur wields a +0 shortbow.
The centaur shoots an arrow.
The arrow hits you!
The centaur shoots an arrow.
The arrow hits you!
The centaur shoots an arrow.
The arrow barely misses you.
You see here a potion of might.
b - a potion of might The centaur shoots an arrow.
The arrow barely misses you.
The centaur shoots an arrow.
The arrow hits you!
* * * LOW HITPOINT WARNING * * *
You feel drained.
* * * LOW HITPOINT WARNING * * *
The centaur shoots an arrow.
The arrow hits you.
* * * LOW HITPOINT WARNING * * *
The centaur shoots an arrow.
The arrow closely misses you.
The centaur shoots an arrow.
The arrow hits you!
You die...

....##..!)....).....#
... ###)###........#
. .......<..>.....#
................#
#................#
.................#
..###............#
.$..............###
..#.....@....#
≈≈#...>......#
≈≈≈≈≈≈........#
≈≈≈≈≈≈≈≈≈######
..≈≈≈≈≈≈≈≈
..cc≈≈≈≈≈≈#
...cc≈≈≈≈≈#
'#...≈≈≈≈≈#
#....≈≈≈≈#


You could see 4 centaurs.

Vanquished Creatures
  3 yaks (D:5)
  A steam dragon (D:5)
  Duvessa (D:6)
  A black bear (D:5)
  An ice beast (D:5)
  3 ogres
  2 phantoms (D:5)
  A kobold brigand (D:4)
  2 necrophages (D:5)
  3 scorpions
  Dowan (D:6)
  3 hounds
  A jelly (D:6)
  2 iguanas
  An orc wizard (D:5)
  9 adders
  8 gnolls
  6 river rats
  5 worms
  A dart slug (D:1)
  5 orcs
  14 bats
  6 endoplasms
  10 giant cockroaches
  9 goblins
  10 hobgoblins
  13 jackals
  8 kobolds
  4 quokkas
  10 ball pythons
  5 frilled lizards
  5 rats
154 creatures vanquished.

Vanquished Creatures (others)
  2 plants (D:1)
2 creatures vanquished.

Grand Total: 156 creatures vanquished

Notes
Turn   | Place    | Note
-------+----------+-------------------------------------------
     0 | D:1      | greasedhog the Merfolk Fighter began the quest for the Orb.
     0 | D:1      | Reached XP level 1. HP: 18/18 MP: 1/1
   175 | D:1      | Reached skill level 3 in Polearms
   190 | D:1      | Reached XP level 2. HP: 24/24 MP: 2/2
   343 | D:1      | Reached XP level 3. HP: 26/30 MP: 3/3
   459 | D:1      | Reached skill level 4 in Polearms
  1069 | D:2      | Reached XP level 4. HP: 29/38 MP: 4/4
  1605 | D:2      | Reached skill level 5 in Polearms
  1797 | D:3      | Reached XP level 5. HP: 43/43 MP: 5/5
  1840 | D:3      | Found a hide-covered altar of Uskayaw.
  1966 | D:3      | Reached skill level 5 in Fighting
  2120 | D:3      | Found a broken altar of Ashenzari.
  2311 | D:4      | Noticed an ogre
  2495 | D:3      | Killed an ogre
  2496 | D:3      | Reached XP level 6. HP: 36/51 MP: 6/6
  2540 | D:4      | Reached skill level 6 in Polearms
  2660 | D:4      | Identified the ring of Mihergh {Contam rF++ Str+5 Slay+4}
  2701 | D:4      | Found a stormy altar of Qazlal.
  2713 | D:4      | Found a staircase to the Ecumenical Temple.
  2731 | Temple   | Entered the Ecumenical Temple
  2854 | D:4      | Reached skill level 7 in Polearms
  2854 | D:4      | Reached XP level 7. HP: 56/56 MP: 7/7
  3015 | D:5      | Entered Level 5 of the Dungeon
  3045 | D:5      | Reached skill level 5 in Dodging
  3145 | D:5      | Reached skill level 8 in Polearms
  3194 | D:5      | Found a glowing drain.
  3225 | Sewer    | Entered a sewer
  3431 | Sewer    | Reached XP level 8. HP: 62/62 MP: 8/8
  3749 | D:5      | Reached skill level 9 in Polearms
  3781 | D:5      | Reached skill level 5 in Shields
  3866 | D:5      | Found Vuck's General Store.
  3875 | D:5      | Bought a scroll of identify for 24 gold pieces
  3875 | D:5      | Bought a potion of curing for 36 gold pieces
  3875 | D:5      | Bought a scroll of teleportation for 36 gold pieces
  3875 | D:5      | Identified a scroll of acquirement
  3876 | D:5      | Acquired 407 gold pieces
  3896 | D:5      | Noticed a yak
  3896 | D:5      | Noticed a yak
  3897 | D:5      | Noticed a yak
  3909 | D:5      | Killed a yak
  3911 | D:5      | Killed a yak
  3912 | D:5      | Reached skill level 10 in Polearms
  3918 | D:5      | Killed a yak
  3919 | D:5      | Reached XP level 9. HP: 68/68 MP: 9/9
  4260 | D:6      | Noticed Duvessa
  4260 | D:6      | Noticed Dowan
  4272 | D:5      | Reached skill level 11 in Polearms
  4322 | D:6      | Killed Duvessa
  4327 | D:6      | Killed Dowan
  4354 | D:6      | Identified the +9 hand axe "Kestrotoe" {flame, rN+ SInv}
  4366 | D:6      | Shot with an arrow by a centaur

Illustrated notes

Levels and vault maps discovered:
D:1:      ebering_trefoil_3fold, layout_basic, serial_bayou_ford_a,
          hangedman_decor_points, minmay_misc_feat_enclosed
D:2:      layout_basic
D:3:      layout_rooms, mainiacjoe_overflow_alcove_2,
          mainiacjoe_overflow_small_starburst
D:4:      layout_rooms, grunt_qazlal_sundering, minmay_temple_entry_butterflies
D:5:      layout_loops_ring, portal_sewer_entry_b, serial_shops, shop
D:6:      layout_rooms, ebering_ghost_rock_garden, centaur_isle, uniq_duvessa
Temple:   nicolae_temple_two_arcs

Skill      XL: |  1  2  3  4  5  6  7  8  9 |
---------------+----------------------------+-----
Polearms       | 3 4 5 7 8 10 11 | 11.4
Fighting       | 4 5 |  5.0
Dodging        | 2 4 5 |  5.1
Shields        | 4 5 |  5.0
Armour         | 3 4 |  4.5

Action                   |  1- 3 |  4- 6 |  7- 9 || total
-------------------------+-------+-------+-------++-------
Melee: Trident           |   144 |   181 |   221 ||   546
       Tailslap          |     1 |       |     5 ||     6
Throw: Javelin           |       |       |    12 ||    12
Evoke: Wand              |       |     1 |     2 ||     3
  Use: Scroll            |       |     3 |     6 ||     9
       Potion            |       |     1 |     1 ||     2
 Stab: Paralysed         |       |     3 |       ||     3
Armor: Scale mail        |    77 |    70 |    50 ||   197
       Steam dragon scal |       |       |     4 ||     4
Dodge: Dodged            |    60 |    53 |   118 ||   231
Block: Buckler           |    36 |    48 |    55 ||   139

Table legend: (Time is in decaauts)
 A = Elapsed time spent in this place.
 B = Non-inter-level travel time spent in this place.
 C = Inter-level travel time spent in this place.
 D = Time resting spent in this place.
 E = Time spent auto-exploring this place.
 F = Levels seen in this place.
 G = Mean time per level.
                   A        B        C        D        E       F      G
               +--------+--------+--------+--------+--------+-----+--------+
         Total |   4281 |   4055 |    226 |    260 |   2565 |   8 |  535.1 |
       Dungeon |   3811 |   3600 |    211 |    260 |   2261 |   6 |  635.2 |
        Temple |    101 |     86 |     15 |      0 |     82 |   1 |  101.0 |
         Sewer |    368 |    368 |      0 |      0 |    221 |   1 |  368.0 |
               +--------+--------+--------+--------+--------+-----+--------+

Top non-repeatable levels by time:
     D:2: 971 daAuts
     D:1: 936 daAuts
     D:5: 789 daAuts
     D:3: 627 daAuts
     D:4: 399 daAuts
   Sewer: 368 daAuts
  Temple: 101 daAuts
     D:6: 85 daAuts
